 Dungeon Crawl Stone Soup version 0.19-a0-1091-g463c9de (webtiles) character file.

207 Leszczynek the Cudgeler (level 5, 0/53 HPs)
             Began as an Ogre Conjurer on Aug 7, 2016.
             Was an Initiate of Makhleb.
             Slain by a scorpion (7 damage)
             ... on level 4 of the Dungeon.
             The game lasted 00:14:32 (2536 turns).

Leszczynek the Cudgeler (Ogre Conjurer)             Turns: 2536, Time: 00:14:33

Health: 0/53       AC:  3    Str: 12 (14) XL:     5   Next: 85%
Magic:  8/8        EV:  0    Int: 14      God:    Makhleb [......]
Gold:   84         SH: 10    Dex:  9 (10) Spells: 2 memorised, 5 levels left

rFire  . . .     SeeInvis .     o - +1 flail
rCold  . . .     Gourm    .     f - +0 robe
rNeg   . . .     Faith    .     p - +0 large shield
rPois  .         Spirit   .     (helmet restricted)
rElec  .         Dismiss  .     (no cloak)
rCorr  .         Reflect  .     (gloves unavailable)
SustAt .         Harm     .     (boots unavailable)
MR     .....                    (no amulet)
Stlth  +.........               k - -3 ring of evasion (curse)
                                l - -3 ring of evasion (curse)

@: lethally poisoned (0 -> -7)
A: unfitting armour, tough skin 1
a: Renounce Religion


You were on level 4 of the Dungeon.
You worshipped Makhleb.
Makhleb was noncommittal.
You were not hungry.

You visited 2 branches of the dungeon, and saw 5 of its levels.

You collected 84 gold pieces.

Inventory:

Hand Weapons
 a - a +6 club
 e - a +0 hunting sling of freezing
 j - a +0 blowgun
 o - a +1 flail (weapon)
Armour
 f - a +0 robe (worn)
 p - a +0 large shield (worn)
Jewellery
 k - a cursed -3 ring of evasion (right hand)
 l - a cursed -3 ring of evasion (left hand)
Potions
 d - a potion of curing {unknown}
 g - a potion of cure mutation
Books
 b - a book of Conjurations

   Spells                             Type                      Level
   a - Magic Dart                     Conjuration                  1
   b - Searing Ray                    Conjuration                  2
   c - Dazzling Spray                 Conjuration/Hexes            3
   d - Fulminant Prism                Conjuration/Hexes            4
   e - Iskenderun's Mystic Blast      Conjuration                  4
   f - Iskenderun's Battlesphere      Conjuration/Charms           5
Comestibles
 c - 2 bread rations
 i - a chunk of flesh


   Skills:
 - Level 3.4 Fighting
 * Level 5.5 Maces & Flails
 - Level 1.7 Dodging
 - Level 1.5 Stealth
 + Level 1.3 Shields
 - Level 2.4 Spellcasting
 - Level 2.9 Conjurations


You had 5 spell levels left.
You knew the following spells:

 Your Spells              Type           Power        Failure   Level  Hunger
a - Magic Dart            Conj           ##..         95%         1    #......
b - Searing Ray           Conj           ##....       99%         2    ###....


Dungeon Overview and Level Annotations

Branches:
Dungeon (4/15)             Temple (1/1) D:4

Altars:
Dithmenos
Elyvilon
Fedhas
Gozag
Kikubaaqudgha
Makhleb
Nemelex Xobeh
Sif Muna
Trog
Vehumet
Xom
Zin

Annotations:
D:3 Ijyb


Innate Abilities, Weirdness & Mutations

You are too large for most types of armour.
You have tough skin. (AC +1)


Message History

You hit the scorpion.
The scorpion is heavily wounded.
The scorpion stings you.
* * * LOW HITPOINT WARNING * * *
The scorpion stings you.
* * * LOW HITPOINT WARNING * * *
You hit the scorpion but do no damage.
The scorpion is heavily wounded.
The scorpion completely misses you.
You barely miss the scorpion.
The scorpion is heavily wounded.
You block the scorpion's attack. The scorpion stings you.
* * * LOW HITPOINT WARNING * * *
You are lethally poisoned!
The scorpion poisons you!
You thump the scorpion!
The scorpion is severely wounded.
* * * LOW HITPOINT WARNING * * *
You feel sick. The scorpion stings you!
You die...

#. #) #..# .....$.
#..#.###..### .......
........#...##.......
.........#...........
......$....<......#......
..............w#.>#......
...............##...?....
...............##.#......
..............ws@........
.......=.......##.##$..#.
.............####....#...
......#....... #..#####.
....# .#...# .... ....#
#... ..... ...## .!..
....#. ?.### ..##.#
......


You could see a scorpion and a dart slug.

Vanquished Creatures
  A hound (D:4)
  An orc priest (Temple)
  Jessica (D:2)
  A hound zombie (D:4)
  3 adders (D:3)
  An ooze (D:1)
  A dart slug (D:3)
  6 giant geckos
  4 orcs (Temple)
  3 bats
  5 giant cockroaches
  3 goblins (D:1)
  7 hobgoblins
  9 jackals
  2 quokkas (D:2)
  A ball python (D:2)
  A giant newt (D:2)
  3 kobolds
  10 rats
63 creatures vanquished.

Notes
Turn   | Place    | Note
-------+----------+-------------------------------------------
     0 | D:1      | Leszczynek the Ogre Conjurer began the quest for the Orb.
     0 | D:1      | Reached XP level 1. HP: 16/16 MP: 3/3
   177 | D:1      | Reached skill level 1 in Fighting
   177 | D:1      | Reached skill level 1 in Maces & Flails
   242 | D:1      | Reached XP level 2. HP: 27/27 MP: 0/5
   294 | D:1      | Reached skill level 2 in Maces & Flails
   342 | D:1      | Learned a level 2 spell: Searing Ray
   529 | D:2      | Reached XP level 3. HP: 31/35 MP: 0/6
   603 | D:1      | Reached skill level 3 in Maces & Flails
   647 | D:1      | Reached skill level 2 in Fighting
   819 | D:2      | Noticed Jessica
   953 | D:2      | Killed Jessica
   953 | D:2      | Reached XP level 4. HP: 44/44 MP: 2/7
   959 | D:2      | >+6 club
   959 | D:2      | pft
  1145 | D:3      | Reached skill level 4 in Maces & Flails
  1167 | D:3      | Noticed an ogre
  1189 | D:3      | Reached skill level 3 in Fighting
  1252 | D:3      | HP: 4/45 [poisoned by a kobold]
  1260 | D:3      | HP: 2/45 [poisoned by a kobold]
  1267 | D:3      | HP: 1/45 [poisoned by a kobold]
  1272 | D:3      | HP: 1/45 [poisoned by a kobold]
  1456 | D:3      | wew lad
  1503 | D:3      | now i have defences like a real ogre
  1503 | D:3      | too bad i don't have the real ogre weapon huh
  1620 | D:3      | Reached XP level 5. HP: 37/53 MP: 1/8
  1768 | D:3      | Found an ancient bone altar of Kikubaaqudgha.
  1902 | D:3      | Found a radiant altar of Vehumet.
  1948 | D:3      | Noticed Ijyb
  1962 | D:4      | Found a staircase to the Ecumenical Temple.
  1970 | Temple   | Entered the Ecumenical Temple
  2017 | Temple   | Became a worshipper of Makhleb the Destroyer
  2032 | Temple   | not like i'm gonna live through it
  2040 | D:4      | Reached skill level 5 in Maces & Flails
  2380 | D:4      | Reached skill level 1 in Shields
  2536 | D:4      | Slain by a scorpion

Vault maps used:
D:1:      elethiomel_arrival_maze
D:2:      uniq_jessica
D:3:      kiku_gazebo_pond_becter, vehumet_crystals, first_bread, uniq_iyjb
Temple:   zaba_magenta_temple

Skill      XL: |  1  2  3  4  5 |
---------------+----------------+-----
Fighting       | 1 2 3 |  3.4
Maces & Flails | 1 2 3 4 5 |  5.5
Shields        | 1 |  1.3
Dodging        | |  1.7
Stealth        | |  1.5
Spellcasting   | |  2.4
Conjurations   | |  2.9

Action                   |  1- 3 |  4- 6 || total
-------------------------+-------+-------++-------
Melee: Club              |    70 |    63 ||   133
       Flail             |       |    31 ||    31
 Cast: Magic Dart        |    49 |    35 ||    84
  Use: Scroll            |     3 |     4 ||     7
       Potion            |       |     3 ||     3
 Stab: Sleeping          |       |     1 ||     1
  Eat: Chunk             |     1 |     7 ||     8
       Royal jelly       |       |     1 ||     1
Armor: Robe              |    21 |    67 ||    88
Dodge: Dodged            |    45 |    28 ||    73
Block: Large shield      |       |    71 ||    71
